Map: 2000 Atmospheres LE

Players

ByuN - Winner!

  • Race: Terran Terran

ShoWTimE

  • Race: Protoss Protoss

Event: TSL 8

VOD

Have the link to the VOD?

Description

Time

  • Played on: Dec. 5, 2021, 9:15 a.m.
  • Length: 13:38

All games in this series

Show
View Real Time Build Order
Export as new Build Order

ByuN Terran - Winner!

Build Orders: Reaper Expand 

Get SALT Encoding   

  12  0:00  SCV  
  13  0:12  SCV  
  14  0:17  Supply Depot  
  14  0:24  SCV  
  15  0:38  SCV  
  15  0:40  Barracks  
  16  0:43  Refinery  
  16  0:51  SCV  
  17  1:03  SCV  
  18  1:15  SCV  
  19  1:27  Reaper, Orbital Command  
  20  1:42  Command Center  
  20  1:53  SCV  
  21  1:59  Barracks Reactor  
  21  2:04  Supply Depot  
  21  2:05  SCV  
  22  2:17  SCV  
  23  2:25  Command Center  
  23  2:29  SCV  
  24  2:36  Marine x2  
  26  2:38  Barracks  
  26  2:41  SCV  
  27  2:54  Marine x2  
  27  2:55  SCV, Orbital Command  
  30  3:07  SCV  
  30  3:09  Barracks  
  30  3:11  Marine  
  32  3:13  Marine  
  32  3:19  SCV  
  34  3:22  SCV  
  35  3:28  Barracks Tech Lab  
  35  3:29  Marine  
  35  3:30  Marine  
  35  3:31  SCV  
  38  3:34  SCV  
  38  3:38  Orbital Command  
  39  3:43  SCV, Engineering Bay  
  39  3:46  SCV, Marine  
  39  3:47  Marine  
  43  3:48  Marine  
  43  3:49  Stimpack  
  44  3:55  SCV  
  44  3:58  SCV  
  43  4:04  Marine  
  43  4:05  Marine  
  43  4:06  Marine  
  43  4:08  SCV  
  47  4:10  SCV, Refinery  
  47  4:11  SCV  
  47  4:15  Terran Infantry Weapons Level 1  
  49  4:20  SCV  
  49  4:22  Missile Turret, SCV, Marine  
  49  4:23  SCV, Marine  
  54  4:26  Factory  
  54  4:32  SCV, Marine  
  54  4:34  Marine  
  54  4:35  SCV x2  
  54  4:36  Supply Depot  
  59  4:44  SCV  
  59  4:45  Missile Turret  
  60  4:47  SCV  
  60  4:49  Refinery  
  60  4:50  Missile Turret  
  60  4:52  Barracks Tech Lab  
  61  4:57  SCV, Marine x3  
  61  4:58  Supply Depot x2  
  61  4:59  SCV x2  
  67  5:09  SCV  
  67  5:11  SCV  
  67  5:12  Combat Shield  
  69  5:14  Starport  
  69  5:16  Factory Reactor  
  69  5:18  SCV  
  69  5:19  Marine x4  
  73  5:23  Refinery  
  73  5:24  Orbital Command  
  73  5:25  Supply Depot  
  73  5:31  Barracks  
  73  5:33  SCV x2, Barracks  
  75  5:39  Marine  
  75  5:40  Marauder x2, Concussive Shells, Marine  
  81  5:48  Supply Depot  
  79  5:50  SCV x2  
  78  5:57  Marine x2  
  78  6:00  Factory Reactor  
  78  6:01  Marauder x2  
  78  6:02  Medivac  
  78  6:03  Medivac  
  78  6:04  SCV x2  
  90  6:05  SCV  
  90  6:07  Missile Turret  
  91  6:11  Supply Depot, Terran Infantry Armor Level 1  
  91  6:16  SCV x2  
  91  6:17  SCV  
  94  6:21  Marine x2  
  94  6:23  Marauder x2, Barracks Reactor, Barracks Tech Lab  
  100  6:28  SCV  
  100  6:32  Supply Depot  
  101  6:33  SCV x2  
  101  6:36  Supply Depot  
  101  6:39  Medivac  
  105  6:40  Supply Depot, Medivac  
  105  6:42  Supply Depot  
  105  6:44  SCV  
  105  6:45  SCV  
  109  6:53  SCV, Marine x2  
  109  6:54  Marauder x2  
  116  6:58  Marauder, Supply Depot  
  116  6:59  Supply Depot  
  116  7:00  Marine  
  116  7:01  Marine  
  120  7:03  SCV  
  120  7:04  SCV  
  120  7:05  SCV  
  120  7:06  Widow Mine x2  
  127  7:11  Medivac x2  
  127  7:15  Marine x2  
  131  7:17  SCV  
  131  7:18  SCV x2, Refinery  
  131  7:19  Refinery  
  131  7:21  Supply Depot  
  131  7:22  Marine x2  
  138  7:32  Marauder x3  
  138  7:36  SCV x3  
  147  7:40  Supply Depot  
  147  7:43  Viking x2  
  151  7:44  Supply Depot  
  151  7:49  Supply Depot, Ghost Academy  
  151  7:54  Supply Depot  
  147  8:02  Marauder x2  
  147  8:03  Marauder, Marine x4  
  152  8:11  SCV x2  
  154  8:12  Command Center  
  154  8:15  Viking  
  154  8:17  Viking  
  158  8:23  Enhanced Shockwaves  
  164  8:42  Marine x3  
  164  8:43  Marine  
  168  8:50  Supply Depot  
  168  8:57  Unknown  
  168  8:58  Viking, Unknown  
  168  8:59  Unknown, Barracks  
  168  9:00  Barracks x2  
  176  9:06  Marine x2  
  176  9:07  Marine x2  
  180  9:24  Viking, Marine x2  
  180  9:25  Starport, Marine x2  
  180  9:26  Marauder x2, Unknown x2, Command Center  
  180  9:27  Marauder, Unknown, Viking  
  194  9:52  Marauder x3  
  194  9:54  Viking  
  194  9:56  Armory  
  194  9:57  Engineering Bay, Viking  
  198  10:04  Barracks Reactor x2, Barracks Tech Lab  
  198  10:06  Planetary Fortress  
  177  10:22  Marine x4  
  177  10:23  Marauder  
  177  10:24  Marauder, Viking  
  177  10:26  Marauder  
  177  10:27  Marauder, Viking  
  184  10:31  Viking x2  
  185  10:40  Marine x3  
  185  10:45  Marauder x2  
  185  10:47  Marauder  
  185  10:48  Marauder  
  185  10:49  Marine  
  166  10:54  Viking  
  166  10:55  Marine  
  166  10:56  Marine  
  162  10:57  Viking, Marine x2  
  162  11:01  Viking x2  
  161  11:06  Marauder x2, SCV x3  
  161  11:08  Orbital Command  
  161  11:09  Marauder  
  161  11:10  Marauder  
  172  11:11  Terran Infantry Weapons Level 2  
  172  11:15  Marine x3  
  172  11:16  Marine x2  
  177  11:19  Terran Infantry Armor Level 2  
  177  11:24  Terran Ship Weapons Level 1, Viking  
  177  11:25  Barracks Tech Lab  
  179  11:27  Viking  
  179  11:28  Marauder x2  
  185  11:36  Marauder x2  
  180  11:42  Marine x2  
  180  11:43  Marine x3  
  180  11:46  Marauder  
  185  11:49  Marauder x2, Viking x2  
  183  11:54  Viking  
  183  11:57  Marauder x2, Marine  
  183  12:00  Marine  
  183  12:01  Viking  
  193  12:08  Marauder, Marine x2  
  193  12:13  Missile Turret, Refinery x2  
  195  12:19  Viking x2  
  183  12:41  Viking x2  
  183  12:44  Marauder x2  
  183  12:46  Marine x2  
  183  12:49  Viking x2  
  159  12:53  Marine x2  
  159  12:54  Marine  
  159  12:55  Marine  
Show
View Real Time Build Order
Export as new Build Order

ShoWTimE Protoss 

Build Orders: 1 Gate Expand, Oracle Opening, Colossus Rush 

Get SALT Encoding   

  12  0:00  Probe  
  13  0:12  Probe  
  14  0:17  Pylon  
  14  0:24  Probe (Chrono Boost)  
  15  0:35  Gateway  
  15  0:36  Probe (Chrono Boost)  
  16  0:45  Probe (Chrono Boost)  
  16  0:46  Assimilator  
  17  0:51  Probe  
  18  1:03  Probe  
  19  1:15  Probe  
  20  1:21  Nexus  
  20  1:31  Cybernetics Core  
  20  1:34  Probe  
  20  1:38  Assimilator  
  21  1:46  Probe  
  22  1:49  Pylon  
  22  1:58  Probe  
  23  2:05  Adept (Chrono Boost)  
  25  2:10  Probe  
  26  2:19  Stargate  
  26  2:22  Probe  
  27  2:25  Adept (Chrono Boost)  
  29  2:32  Warp Gate  
  29  2:34  Probe (Chrono Boost)  
  31  2:40  Probe (Chrono Boost)  
  31  2:43  Probe (Chrono Boost)  
  32  2:47  Adept, Probe (Chrono Boost)  
  32  2:48  Probe (Chrono Boost)  
  36  2:58  Probe  
  36  3:00  Probe  
  36  3:01  Oracle (Chrono Boost)  
  36  3:03  Pylon  
  41  3:10  Probe  
  42  3:13  Probe  
  42  3:17  Adept  
  45  3:22  Probe  
  45  3:25  Probe  
  47  3:30  Gateway  
  47  3:33  Pylon  
  47  3:35  Oracle (Chrono Boost), Probe  
  47  3:37  Probe  
  52  3:45  Assimilator  
  52  3:47  Probe  
  53  3:49  Probe  
  54  3:59  Probe  
  54  4:01  Probe  
  56  4:05  Nexus  
  56  4:11  Probe  
  56  4:12  Robotics Facility  
  56  4:13  Probe, Pylon  
  58  4:21  Assimilator  
  58  4:23  Probe  
  59  4:25  Probe, Pylon  
  60  4:35  Probe  
  60  4:37  Probe  
  62  4:38  Forge  
  62  4:39  Twilight Council  
  62  4:47  Probe (Chrono Boost), Sentry  
  62  4:49  Probe (Chrono Boost), Shield Battery  
  66  4:54  Pylon  
  66  4:59  Probe (Chrono Boost)  
  69  5:00  Observer  
  69  5:01  Probe (Chrono Boost)  
  69  5:05  Probe (Chrono Boost)  
  69  5:06  Probe (Chrono Boost)  
  70  5:07  Robotics Bay  
  70  5:13  Probe, Protoss Ground Weapons Level 1  
  72  5:16  Probe x2  
  74  5:25  Gateway x2, Observer  
  74  5:26  Probe  
  74  5:28  Probe x2  
  77  5:29  Shield Battery  
  77  5:32  Sentry  
  77  5:33  Adept  
  82  5:40  Probe x2 (Chrono Boost)  
  82  5:41  Pylon  
  82  5:42  Probe (Chrono Boost)  
  85  5:49  Probe (Chrono Boost)  
  85  5:50  Probe (Chrono Boost)  
  85  5:52  Probe (Chrono Boost)  
  85  5:54  Probe (Chrono Boost), Sentry  
  85  5:55  Colossus (Chrono Boost), Probe  
  96  5:59  Assimilator x2  
  96  6:02  Gateway, Probe  
  97  6:04  Gateway  
  97  6:06  Probe  
  97  6:07  Probe  
  97  6:09  Shield Battery  
  99  6:14  Extended Thermal Lance  
  99  6:26  Stalker x4  
  99  6:29  Photon Cannon  
  107  6:34  Gateway  
  107  6:41  Gateway  
  107  6:47  Pylon  
  107  6:52  Forge  
  107  6:53  Stalker  
  109  6:57  Blink (Chrono Boost)  
  109  6:59  Pylon  
  109  7:01  Pylon  
  109  7:02  Pylon x2  
  109  7:04  Colossus (Chrono Boost)  
  109  7:06  Stalker  
  117  7:11  Probe  
  117  7:15  Photon Cannon  
  117  7:16  Pylon x2  
  117  7:20  Zealot x5  
  127  7:28  Protoss Ground Weapons Level 2 (Chrono Boost)  
  127  7:29  Protoss Ground Armor Level 1 (Chrono Boost)  
  127  7:31  Pylon  
  127  7:36  Probe x3  
  130  7:46  Stalker x3  
  130  7:48  Colossus  
  138  8:02  Stalker x5  
  144  8:10  Fleet Beacon  
  144  8:13  Stargate  
  144  8:20  Zealot x3, Pylon  
  144  8:25  Photon Cannon  
  150  8:29  Protoss Air Weapons Level 1 (Chrono Boost)  
  150  8:37  Zealot x2  
  150  8:38  Zealot  
  150  8:41  Charge (Chrono Boost), Pylon  
  156  8:54  Photon Cannon, Carrier (Chrono Boost)  
  162  8:56  Photon Cannon  
  162  8:57  Carrier (Chrono Boost)  
  162  8:58  Photon Cannon  
  168  9:03  Photon Cannon  
  167  9:17  Warp Prism  
  167  9:20  Pylon  
  167  9:24  Nexus  
  169  9:27  Pylon  
  169  9:30  Protoss Ground Armor Level 2  
  169  9:44  Stalker x2  
  169  9:45  Tempest (Chrono Boost)  
  178  9:47  Carrier (Chrono Boost)  
  184  9:53  Colossus  
  184  9:59  Protoss Ground Weapons Level 3  
  190  10:02  Probe  
  190  10:03  Probe x2  
  190  10:06  Photon Cannon  
  187  10:18  Zealot x6  
  165  10:31  Carrier  
  165  10:34  Zealot x2  
  167  10:44  Zealot x3  
  167  10:45  Zealot x3  
  151  10:55  Carrier  
  141  10:58  Disruptor (Chrono Boost)  
  141  11:03  Probe x3  
  143  11:06  Photon Cannon  
  143  11:10  Shield Battery  
  143  11:11  Sentry  
  143  11:12  Zealot x3, Sentry  
  153  11:22  Assimilator  
  153  11:24  Disruptor (Chrono Boost)  
  153  11:25  Assimilator  
  153  11:30  Robotics Facility  
  156  11:34  Zealot x2  
  156  11:35  Zealot x2  
  144  11:42  Stalker  
  135  11:50  Disruptor (Chrono Boost)  
  131  11:59  Zealot x4, Sentry x2  
  131  12:00  Zealot  
  145  12:02  Tempest  
  148  12:15  Disruptor (Chrono Boost)  
  130  12:39  Zealot x8  
  141  12:48  Disruptor  
Tags
 
Add a new tag
Caveats
  • Supply blocks, unpowered buildings, or Contaminate may cause inaccurate times.
  • Supply counts are checked every 10 seconds.